Arrhythmia, chaotic male vampiric Convict --- ---------- --.--- |..--..|.-- --..... ------- |.........| |...--- ----- --.....| --.....%).|---..-- --- ---...-- |...--.------.--..[---.^.--------------.---- |......| --................%%.......................-- |......-- --....--)-..--------...---------..---.......| --......| |.....||.<..--------.------- --...........-- |-...^.|---- ---.|...|---...........| |..| --...........---.....--|..| |...|-.-- |..---------- |..--------..................---..---- --.------ ---- --...--.---.......)..................-- |..| |.......|............................| |..-- --- ---....@............................-- |...| ----.-- ---._@...---..--.....----......---- --..| ----.....--------.((.| |..|-....-- --....-- |..| .---...........--..|..[-- ---|.....-- --..-- ---- ..|.....................| |..--..| |.-- -...----...|..........-- -------- --- ----- |..---.-----.--- ---- --- --- Arrhythmia the Jail-bird Experience level: 8 Strength: 16 Dexterity: 15 Constitution: 19 Intelligence: 11 Wisdom: 8 Charisma: 8 Health: 0(80) Energy: 45(45) AC: -1 Gold: 521 Moves: 3363 Your Inventory: Coins $ - 521 gold pieces Weapons j - 2 [uncursed +0] daggers Armor b - an uncursed +0 striped shirt e - an [uncursed] +1 dwarvish mithril-coat (being worn) v - an [uncursed] +0 hooded cloak [dwarvish] (being worn) w - a [blessed] +2 red-eyed shield [orcish] (being worn) A - a cursed +0 iron skull cap [orcish helm] (being worn) J - an [uncursed +0] hard hat [dwarvish iron helm] Scrolls d - an [uncursed] scroll called scare monster [of scare monster] Rings K - an [uncursed] platinum ring [of slow digestion] Wands h - a [cursed] wand of create monster [0:13] F - an [uncursed] wand of striking [0:3] Tools m - an [uncursed +0] pick-axe s - an [uncursed] blindfold Gems i - an [uncursed] yellowish brown gem [worthless glass] n - an [uncursed] blue gem [worthless glass] E - an [uncursed] red gem [worthless glass] Iron balls c - an [uncursed] rusty heavy iron ball (chained to you) Spells known in the end: Name Level Category Fail Memory Your skills at the end: Fighting Skills Weapon Skills sling [Basic / Skilled] Spellcasting Skills Final Attributes: You were fervently aligned. Hunger level was 440. Your alignment was 11 / 26. Monster difficulty range was 0 - 6. Level difficulty was 5. You were immune to poison. You were immune to level-drain. You were immune to sickness. You were punished. You saw invisible. You could fly. You could survive without air. You regenerated. Your luck was zero. You are dead. Vanquished creatures: a watchman 2 leprechauns a gnome king a dust vortex 2 Mordor orcs an orc shaman a rock piercer 5 gnome lords a gnomish wizard a guardian naga hatchling a wax golem a little dog 6 dwarves a homunculus 8 hill orcs 5 rothes a rabid rat a giant bat a monkey 3 iguanas an acid blob 3 coyotes 2 gas spores 3 hobbits 7 manes 2 large kobolds 2 hobgoblins a brown mold 21 gnomes 2 garter snakes 4 geckos a jackal a fox 2 goblins 6 sewer rats a bat 4 lichens 2 kobold zombies 5 newts 114 creatures vanquished. Voluntary challenges: You went without food. You used a wielded weapon 16 times. You read items or engraved 473 times. You put on armor 13 times. You never genocided any monsters. You never polymorphed an object. You never changed form. You used no wishes. You wrote Elbereth's name 316 times. You never encountered a bones level. You never used any Sokoban shortcuts. Dungeon overview: The Dungeons of Doom: levels 1 to 4 Level 1 a long staircase Level 2 a fountain Level 3 an armor shop, some fountains stairs to The Gnomish Mines The Gnomish Mines: levels 4 to 6 Level 4 stairs to The Dungeons of Doom Level 5 <- You were here Level 6 some fountains History has recorded: On T:1 you entered the Dungeons of Doom to retrieve the Amulet of Yendor! On T:271 you reached level 2 of The Dungeons of Doom. On T:328 you advanced to experience level 2. On T:528 you advanced to experience level 3. On T:838 you advanced to experience level 4. On T:924 you reached level 3 of The Dungeons of Doom. On T:1199 you advanced to experience level 5. On T:1515 you reached level 4 of The Dungeons of Doom. On T:1737 you advanced to experience level 6. On T:2174 you reached level 1 of The Gnomish Mines. On T:2177 you advanced to experience level 7. On T:2891 you reached level 2 of The Gnomish Mines. On T:2968 you advanced to experience level 8. On T:3275 you reached level 3 of The Gnomish Mines. Latest messages: Never mind. You fly down along the stairs. You hit the watchman. You kill the watchman! The watch captain swings her silver saber. The watch captain misses. The watch captain swings her silver saber. The silver sears your flesh! The watch captain hits! [HP-20=60] With great effort you climb the stairs. [HP+1=61] You scrawl "Elbereth" with your fingers onto the floor. The watch captain swings her silver saber. The silver sears your flesh! The watch captain hits! The watch captain swings her silver saber. The silver sears your flesh! The watch captain hits! [HP-47=14] The watch captain swings her silver saber. The silver sears your flesh! The watch captain hits! You die... Final status: Goodbye Arrhythmia the Convict... You died in The Gnomish Mines on dungeon level 5 with 4679 points, and 521 pieces of gold, after 3363 moves. You were level 8 with a maximum of 80 hit points when you died.